 Dungeon Crawl Stone Soup version 0.28-a0-1510-gd0f6b136d3 (webtiles) character file.

Game seed: 13193220566232098315

127 Shayle the Skirmisher (level 5, -2/43 HPs)
             Began as a Djinni Warper on Jan 16, 2022.
             Slain by Terence (7 damage)
             ... on level 3 of the Dungeon.
             The game lasted 00:05:56 (2552 turns).

Shayle the Skirmisher (Djinni Warper)               Turns: 2552, Time: 00:05:57

Health: -2/43      AC:  4    Str: 10    XL:     5   Next: 33%
Gold:   63         EV: 12    Int: 17    God:
                   SH:  5    Dex: 12

rFire   + + .      SeeInvis .     - Unarmed
rCold   x . .      Faith    .   (no shield)
rNeg    . . .      Spirit   .   j - +2 robe {Will+}
rPois   ∞          Reflect  +   (no helmet)
rElec   .          Harm     .   (no cloak)
rCorr   +          Rampage  .   (no gloves)
Will    +....                   (boots unavailable)
Stlth   +.........              l - amulet of reflection
HPRegen 0.14/turn               k - ring of resist corrosion
MPRegen 0.00/turn               (no ring)

@: flying, very slightly contaminated
A: sickness immunity, fire resistance 2, cold vulnerability 1, float, innate
caster, hp casting, extra vitality 1
a: no special abilities


You were on level 3 of the Dungeon.
You visited 1 branch of the dungeon, and saw 3 of its levels.

You collected 63 gold pieces.

Inventory:

Missiles
 c - 5 boomerangs of dispersal (quivered)
Armour
 a - a +0 leather armour
 j - a +2 robe of willpower (worn)
 n - a +0 helmet
Jewellery
 k - a ring of resist corrosion (left hand)
 l - an amulet of reflection (around neck)
Scrolls
 b - a scroll of blinking
 d - a scroll of torment {unknown}
 h - 3 scrolls of identify {unknown}
 m - a scroll of silence {unknown}
 o - 2 scrolls of fear {unknown}
 q - a scroll of teleportation {unknown}
Potions
 e - a potion of cancellation {unknown}
 f - a potion of heal wounds {unknown}
 i - a potion of degeneration {unknown}
 p - a potion of lignification {unknown}


   Skills:
 + Level 5.1 Fighting
 - Level 0.7 Throwing
 - Level 1.0 Armour
 - Level 2.1 Dodging
 - Level 2.0 Unarmed Combat
 - Level 2.4 Spellcasting


You couldn't memorise any spells.
You knew the following spells:

 Your Spells              Type           Power      Damage    Failure   Level
a - Blink                 Tloc           20%        N/A       11%         2
b - Lesser Beckoning      Tloc           10%        N/A       21%         3
c - Gell's Gravitas       Tloc           10%        N/A       21%         3
d - Teleport Other        Tloc           10%        N/A       21%         3
e - Manifold Assault      Tloc           10%        N/A       88%         5
f - Shock                 Conj/Air       40%        1d5       7%          1
g - Call Imp              Summ           10%        N/A       11%         2
Your spell library was empty.

Dungeon Overview and Level Annotations

Branches:
Dungeon (3/15)

Altars:

Annotations:
D:3 Terence


Innate Abilities, Weirdness & Mutations

You are immune to sickness and miasma.
You are immune to poison.
Your flesh is very heat resistant. (rF++)
You are vulnerable to cold. (rC-)
You float through the air rather than walking.
You learn spells naturally, not from books.
Your magical power is your life essence.
You have superior vitality. (+4 MHP)


Message History

Throw: dart (atropa)
Press: ? - help, Q - select action, (/) - cycle Shift-Dir - straight line, f/p - Terence
Aim: Terence, wielding a +0 flail and wearing a +0 scale mail (moderately wounded, ally target, 63% to hit, chance to blind on hit: 100%)
You throw an atropa-tipped dart. The atropa-tipped dart hits Terence.
Terence appears confused.
Terence is moderately wounded.
Terence closely misses you.
Your crimson imp hits Terence.
You hit Terence but do no damage.
Terence is moderately wounded.
Terence seems less confused.
Terence hits you with a +0 flail!
* * * LOW HITPOINT WARNING * * *
Your crimson imp barely misses Terence.
Unknown command.
You hit Terence but do no damage.
Terence is moderately wounded.
Terence asks, "Do you want it fast or slow?"
Terence closely misses you.
Your crimson imp blinks!
Unknown command.
Casting: Call Imp (safe; 11% risk of failure)
Confirm with . or Enter, or press ? or * to list all spells.
Aiming: Shock (safe; 7% risk of failure)
Press: ? - help, Shift-Dir - straight line, f/p - Terence
Aim: Terence, wielding a +0 flail and wearing a +0 scale mail (moderately wounded, blind, ally target, 72% to hit)
The zap hits Terence.
Terence is heavily wounded.
* * * LOW HITPOINT WARNING * * *
Terence barely misses you.
Your crimson imp blinks!
Casting: Shock (safe; 7% risk of failure)
Confirm with . or Enter, or press ? or * to list all spells.
Aiming: Shock (safe; 7% risk of failure)
Press: ? - help, Shift-Dir - straight line, f/p - Terence
Aim: Terence, wielding a +0 flail and wearing a +0 scale mail (heavily wounded, blind, ally target, 72% to hit)
The zap hits Terence.
Terence is severely wounded.
* * * LOW HITPOINT WARNING * * *
Terence is no longer blind.
Terence barely misses you.
You swap places.
Terence hits you with a +0 flail!
You die...

#.# #.....#
#.#########.###.#
######.#.......#.# ..#
#......#.#####.#.# ....
#.######.#...#...# #####
#.# #......#######
#.###.##.#.#
#######.....##)#.#
..............>#@########.#
##############.#5@.........
#.#########... #.# #.# #.#
#.# #.# #.#


You could see Terence (ally target) and a friendly crimson imp (summoned).

Vanquished Creatures
  Jessica (D:2)
  Robin (D:2)
  3 adders (D:2)
  An orc (D:3)
  7 ball pythons
  6 bats
  5 endoplasms
  2 giant cockroaches (D:1)
  13 goblins
  4 hobgoblins
  2 quokkas (D:1)
  2 frilled lizards
  4 kobolds
  6 rats
57 creatures vanquished.

Notes
Turn   | Place    | Note
-------+----------+-------------------------------------------
     0 | D:1      | Shayle the Djinni Warper began the quest for the Orb.
     0 | D:1      | Reached XP level 1. HP: 18/18 MP: 0/0
    86 | D:1      | Reached XP level 2. HP: 17/24 MP: 0/0
   313 | D:1      | Reached skill level 3 in Fighting
   948 | D:1      | Reached XP level 3. HP: 30/30 MP: 0/0
   948 | D:1      | Learned a level 1 spell: Shock
  1141 | D:1      | Found a faded altar of an unknown god.
  1672 | D:2      | Reached skill level 4 in Fighting
  1672 | D:2      | Reached XP level 4. HP: 21/37 MP: 0/0
  1716 | D:2      | Noticed Jessica
  1726 | D:2      | Killed Jessica
  2045 | D:2      | Reached XP level 5. HP: 27/42 MP: 0/0
  2045 | D:2      | Learned a level 2 spell: Call Imp
  2149 | D:2      | Noticed Robin
  2158 | D:2      | Killed Robin
  2167 | D:2      | Reached skill level 5 in Fighting
  2530 | D:3      | Noticed Terence
  2552 | D:3      | Slain by Terence

Illustrated notes

Levels and vault maps discovered:
D:1:      dpeg_arrival_subterranean_lakeside_camping, layout_basic,
          shapermc_ecumenical_altar_mp_highgroup, serial_corexii_hall,
          corexii_hall_statues_x, corexii_hall_statues_t,
          corexii_hall_statues_i, corexii_hall_statues_t, minmay_hedge_maze,
          chequers_serial_rivers_small_b
D:2:      layout_rooms, uniq_robin, uniq_jessica
D:3:      layout_basic, minmay_misc_feat_room, uniq_terence

Skill      XL: |  1  2  3  4  5 |
---------------+----------------+-----
Fighting       | 3 4 5 |  5.1
Throwing       | |  0.7
Armour         | |  1.0
Dodging        | |  2.1
Unarmed Combat | |  2.0
Spellcasting   | |  2.4

Action                   |  1- 3 |  4- 6 || total
-------------------------+-------+-------++-------
Melee: Unarmed           |    84 |     3 ||    87
       Punch             |     1 |       ||     1
Throw: Dart              |       |     2 ||     2
 Cast: Shock             |    35 |    55 ||    90
       Call Imp          |       |     2 ||     2
 Stab: Sleeping          |     1 |       ||     1
Armor: Leather armour    |    29 |       ||    29
       Robe              |       |     2 ||     2
Dodge: Dodged            |    42 |    12 ||    54
Block: Other             |       |     3 ||     3

Table legend: (Time is in decaauts)
 A = Elapsed time spent in this place.
 B = Non-inter-level travel time spent in this place.
 C = Inter-level travel time spent in this place.
 D = Time resting spent in this place.
 E = Time spent auto-exploring this place.
 F = Levels seen in this place.
 G = Mean time per level.
                   A        B        C        D        E       F      G
               +--------+--------+--------+--------+--------+-----+--------+
         Total |   2548 |   2498 |     50 |    518 |   1495 |   3 |  849.3 |
       Dungeon |   2548 |   2498 |     50 |    518 |   1495 |   3 |  849.3 |
               +--------+--------+--------+--------+--------+-----+--------+

Top non-repeatable levels by time:
     D:1: 1394 daAuts
     D:2: 934 daAuts
     D:3: 219 daAuts
